 Dungeon Crawl Stone Soup version 0.29.1-2-gbd0b4ee654 (webtiles) character file.

Game seed: 11877228203852700618

177 Doomgape the Cudgeller (level 5, -6/32 HPs)
             Began as a Gargoyle Fighter on Oct 23, 2022.
             Mangled by a gnoll
             ... wielding a +1 halberd of venom
              (11 damage)
             ... on level 3 of the Dungeon.
             The game lasted 00:03:21 (2094 turns).

Doomgape the Cudgeller (Gargoyle Fighter)           Turns: 2094, Time: 00:03:22

Health: -6/32      AC: 13    Str: 22    XL:     5   Next: 57%
Magic:  5/5        EV:  7    Int:  8    God:
Gold:   59         SH:  4    Dex:  9    Spells: 4/4 levels left

rFire   . . .      SeeInvis .   a - +0 flail
rCold   . . .      Faith    .   c - +0 buckler
rNeg    + . .      Spirit   .   h - +0 chain mail
rPois   ∞          Reflect  .   (no helmet)
rElec   +          Harm     .   (no cloak)
rCorr   .          Rampage  .   (no gloves)
Will    .....                   (no boots)
Stlth   ..........              (no amulet)
HPRegen 0.10/turn               (no ring)
MPRegen 0.09/turn               (no ring)

@: slowed, very slow
A: sickness immunity, AC +4, negative energy resistance 1, electricity
resistance, torment resistance 1, petrification resistance
a: no special abilities


You were on level 3 of the Dungeon.
You visited 1 branch of the dungeon, and saw 4 of its levels.

You collected 59 gold pieces.

Inventory:

Hand Weapons
 a - a +0 flail (weapon)
Armour
 c - a +0 buckler (worn)
 h - a +0 chain mail (worn)
Wands
 d - a wand of polymorph (9)
Scrolls
 b - 5 scrolls of enchant armour {unknown}
 e - 3 scrolls of identify {unknown}
 f - a scroll of brand weapon {unknown}
 g - a scroll of fear {unknown}
 i - a scroll of summoning {unknown}
 j - a scroll of torment {unknown}
 m - a scroll of magic mapping {unknown}
Potions
 k - a potion of attraction {unknown}
 l - 2 potions of ambrosia


   Skills:
 - Level 3.2 Fighting
 + Level 5.6 Maces & Flails
 - Level 3.2 Armour
 - Level 3.2 Shields


You had 4 spell levels left.
You didn't know any spells.
Your spell library was empty.

Dungeon Overview and Level Annotations

Branches:
Dungeon (4/15)
 Temple: D:4-7

Altars:
Sif Muna

Shops:
D:3 *


Innate Abilities, Weirdness & Mutations

You are immune to sickness and miasma.
Your stone body is resilient. (AC +4)
You are immune to poison.
You resist negative energy. (rN+)
You are resistant to electric shocks. (rElec)
You are resistant to unholy torment.
You are immune to petrification.


Message History

The puff of frost hits you. Natasha claws you but does no damage.
The gnoll barely misses you. The white imp barely misses you.
Natasha barely misses you. The gnoll hits you but does no damage.
The bat hits you but does no damage.
You sock Natasha!
You kill Natasha!
Natasha screams in fury as she dies!
The shadow imp disappears in a puff of smoke!
The white imp disappears in a puff of smoke!
The bat hits you but does no damage. x2; The gnoll hits you but does no damage.
Unknown command.
The bat hits you but does no damage. The bat barely misses you.
You block the gnoll's attack. The bat hits you but does no damage.
The gnoll hits you with a +1 halberd of venom.
Things that are here:
a +0 whip; a +0 spear; a gnoll corpse You barely miss the gnoll.
The bat hits you but does no damage. x2
The bat hits you.
The gnoll hits you with a +1 halberd of venom.
You closely miss the gnoll. The bat barely misses you.
The bat hits you but does no damage.
The gnoll hits you with a +1 halberd of venom!
* * * LOW HITPOINT WARNING * * *
The bat hits you but does no damage. You block the gnoll's attack.
You sock the gnoll!
The gnoll is almost dead.
The bat hits you but does no damage. x2; The gnoll barely misses you.
You block the bat's attack. The gnoll closely misses you.
You closely miss the gnoll.
The gnoll is almost dead.
The bat hits you but does no damage. You block the bat's attack.
You block the gnoll's attack. The gnoll barely misses you.
A gnoll comes into view. It is wielding a +0 whip.
You closely miss the gnoll.
The gnoll is almost dead.
The gnoll shouts!
The bat hits you but does no damage. x2; The gnoll hits you but does no damage.
The bat hits you but does no damage.
The gnoll hits you with a +1 halberd of venom!
You die...

### ..# #g# #.#
#.# #.#
######g######
........@b...###
.#########.....#
+.....+
#######.....#
#..........<#
#.#######†###
#.# #.†.# #.#
###.# #.# ..#


You could see 2 gnolls and a bat.

Vanquished Creatures
  Ijyb (D:3)
  Natasha (twice) (D:3)
  Terence (D:3)
  An adder (D:3)
  2 gnolls (D:3)
  A worm (D:3)
  2 dart slugs (D:1)
  An orc (D:3)
  4 ball pythons
  4 endoplasms
  A giant cockroach (D:2)
  5 goblins
  5 hobgoblins
  4 kobolds
  2 quokkas
  3 bats
  2 frilled lizards
  3 rats
44 creatures vanquished.

Notes
Turn   | Place    | Note
-------+----------+-------------------------------------------
     0 | D:1      | Doomgape the Gargoyle Fighter began the quest for the Orb.
     0 | D:1      | Reached XP level 1. HP: 14/14 MP: 1/1
   189 | D:1      | Reached XP level 2. HP: 19/19 MP: 2/2
   251 | D:1      | Reached skill level 3 in Maces & Flails
   717 | D:1      | Reached XP level 3. HP: 23/23 MP: 3/3
   981 | D:1      | Found a faded altar of an unknown god.
  1170 | D:2      | You fall into a shaft and drop 2 floors!
  1198 | D:3      | Noticed Terence
  1198 | D:3      | Found Yzirites's General Store.
  1199 | D:3      | Noticed Ijyb
  1210 | D:3      | Killed Ijyb
  1211 | D:3      | Reached skill level 4 in Maces & Flails
  1211 | D:3      | Reached XP level 4. HP: 24/28 MP: 4/4
  1216 | D:3      | Killed Terence
  1478 | D:3      | Found a shimmering blue altar of Sif Muna.
  1589 | D:3      | Noticed Natasha
  1602 | D:3      | Killed Natasha
  1603 | D:3      | Reached skill level 5 in Maces & Flails
  1603 | D:3      | Reached XP level 5. HP: 8/32 MP: 5/5
  2067 | D:3      | Noticed Natasha
  2088 | D:3      | Killed Natasha
  2094 | D:3      | Mangled by a gnoll

Illustrated notes

Levels and vault maps discovered:
D:1:      shiori_arrival_maze, layout_loops_ring,
          shapermc_ecumenical_altar_hornbeckon
D:2:      layout_basic, basic_altar
D:3:      layout_basic, lemuel_tele_altar, serial_shops, nicolae_shop_crystal,
          uniq_terence, uniq_natasha, uniq_ijyb
D:4:      layout_loops_ring, mainiacjoe_overflow_small_starburst,
          mainiacjoe_overflow_alcove_2, nicolae_concentric_dashed_squares_wild

Skill      XL: |  1  2  3  4 |
---------------+-------------+-----
Maces & Flails | 3 4 5 |  5.6
Fighting       | |  3.2
Armour         | |  3.2
Shields        | |  3.2

Action                   |  1- 3 |  4- 6 || total
-------------------------+-------+-------++-------
Melee: Flail             |    82 |    80 ||   162
  Use: Potion            |     1 |     1 ||     2
Armor: Scale mail        |    18 |       ||    18
       Chain mail        |    23 |    94 ||   117
Dodge: Dodged            |    31 |    43 ||    74
Block: Buckler           |    12 |    22 ||    34
